 Dungeon Crawl Stone Soup version 0.31.0-11-ge490571c62 (webtiles) character file.

Game seed: 15694140876054303686

26 Bravepunisher the Ducker (level 2, -13/16 HPs)
             Began as a Spriggan Monk on Feb 3, 2024.
             Mangled by a yak (16 damage)
             ... on level 6 of the Dungeon.
             The game lasted 00:04:17 (685 turns).

Bravepunisher the Ducker (Spriggan Monk)             Turns: 685, Time: 00:04:18

Health: -13/16     AC:  2    Str:  7    XL:     2   Next: 89%
Magic:  3/3        EV: 19    Int: 11    God:
Gold:   41         SH:  0    Dex: 17    Spells: 1/1 levels left

rFire   . . .        d - +2 whip (elec)
rCold   . . .        (no shield)
rNeg    . . .        b - +0 robe
rPois   .            (helmet restricted)
rElec   .            (no cloak)
rCorr   .            (gloves unavailable)
SInv    +            (boots unavailable)
Will    .....        (no amulet)
Stlth   ++           (no ring)
HPRegen 0.22/turn    (no ring)
MPRegen 0.08/turn

%: no passive effects
@: very quick
A: very small, no large weapons, unfitting armour, see invisible, speed 3
a: no special abilities


You were on level 6 of the Dungeon.
You visited 1 branch of the dungeon, and saw 6 of its levels.

You collected 41 gold pieces.

Inventory:

Hand Weapons
 d - a +2 whip of electrocution (weapon)
Armour
 b - a +0 robe (worn)
Scrolls
 a - a scroll of revelation {unknown}
 e - a scroll of teleportation {unknown}
 f - a scroll of poison {unknown}
 h - a scroll of identify {unknown}
 j - a scroll of noise {unknown}
Potions
 c - a potion of ambrosia
 g - 3 potions of mutation {unknown}
 i - a potion of might {unknown}


   Skills:
 + Level 2.8 Fighting
 - Level 3.2 Short Blades
 * Level 5.1 Dodging


You had one spell level left.
You didn't know any spells.
Your spell library contained the following spells:

 Spells                   Type           Power      Damage    Failure   Level
 Volatile Blastmotes      Fire/Tloc      0%         2d10      71%         3
 Fulminant Prism          Conj/Alch      0%         3d5       98%         4
 Iskenderun's Mystic Bla  Conj/Tloc      0%         2d3       98%         4
 Summon Forest            Summ/Tloc      0%         N/A       100%        5
 Eringya's Noxious Bog    Alch           0%         4d6       100%        6
 Summon Hydra             Summ           0%         N/A       100%        7


Dungeon Overview and Level Annotations

Branches:
Dungeon (6/15)
 Temple: D:4-7

Altars:
Cheibriados

Annotations:
D:4 Sigmund


Innate Abilities, Weirdness & Mutations

You are very small and have problems with some larger weapons.
You are too small for most types of armour.
You have supernaturally acute eyesight. (SInv)
You cover ground extremely quickly. (Speed+++)


Message History

The orc wizard points at you and mumbles some strange words.
The puff of flame misses you. The orc wizard completely misses you.
You bump into the rock wall.
The orc wizard points at you and mumbles some strange words.
You resist with some effort.
You hit the orc wizard.
The orc wizard is lightly wounded.
The orc wizard hits you but does no damage.
The orc wizard hits you with a +0 dagger.
The orc wizard gestures at you while chanting.
You are more confused.
The yak gores you.
You bump into the stone wall.
The yak gores you.
You feel less confused.
The orc wizard casts a spell.
The orc wizard flickers and vanishes for a moment.
The yak barely misses you.
You hear the slow rusting of a very distant drain.
You hit the yak.
The yak is lightly wounded.
The yak completely misses you.
You hit the shadow imp.
Lightning courses through the shadow imp!!
You kill the shadow imp!
The yak gores you!
Ouch! That really hurt!
* * * LOW HITPOINT WARNING * * *
Your Dodging skill increases to level 5!
You closely miss the phantom. The yak barely misses you.
The phantom closely misses you.
You hit the phantom.
The phantom is lightly damaged.
The yak completely misses you. The phantom completely misses you.
You closely miss the phantom.
The phantom is lightly damaged.
The yak barely misses you. The phantom completely misses you.
The yak gores you!
Ouch! That really hurt!
You die...

........♣P~♣~Y
.......)~~Y~~.
......Y♣~♣♣♣~.
.......♣♣♣♣♣.~P ♣♣♣
......###.♣♣~~~ ♣♣.#
.....##...♣♣~~♣♣♣..#
.....#.....♣~.P♣..##
...........♣P.~♣#.#
#.....#.......oY@.#
##.....#......oW.##
###.#........o############
....#.........#..........##
PPP.......#....#...##...#.##
~~~P.....####...#..##..#...#
~~♣~5....## ##..Y#.YW.#....#
♣♣♣♣PY....# #...W#..#.....#
♣P~P.#.## #.##..##5.##..#


You could see a yak, a phantom, 2 orc wizards and an orc.

Vanquished Creatures
  A shadow imp (D:6)
  2 orcs
  2 bats (D:1)
  A giant cockroach (D:1)
  3 hobgoblins
  2 quokkas
  2 ball pythons
  A kobold (D:1)
14 creatures vanquished.

Vanquished Creatures (others)
  A quokka (D:6)
1 creature vanquished.

Grand Total: 15 creatures vanquished

Notes
Turn   | Place    | Note
-------+----------+-------------------------------------------
     0 | D:1      | Bravepunisher the Spriggan Monk began the quest for the
                  | Orb.
     0 | D:1      | Reached XP level 1. HP: 11/11 MP: 2/2
   129 | D:1      | Reached XP level 2. HP: 13/16 MP: 3/3
   367 | D:4      | Found a snail-covered altar of Cheibriados.
   376 | D:4      | Noticed Sigmund
   582 | D:5      | Entered Level 5 of the Dungeon
   594 | D:6      | Noticed a yak
   595 | D:6      | Noticed a yak
   600 | D:6      | Noticed a phantom
   683 | D:6      | Reached skill level 5 in Dodging
   685 | D:6      | Mangled by a yak

Illustrated notes

Levels and vault maps discovered:
D:1:      nicolae_arrival_memento_mori, layout_loops_ring
D:2:      layout_basic, serial_shops, nicolae_shop_rolling_square,
          grunt_ministairs_15
D:3:      layout_basic
D:4:      layout_loops_ring, slow_altar_1, uniq_sigmund
D:5:      layout_cave_pools, minmay_temple_entry_grid, serial_co_window_serial,
          co_window_of_opportunity_a, co_window_of_opportunity_a,
          co_window_paths_a, co_window_of_opportunity_a, co_window_corner_a,
          co_window_corner_a, co_window_corner_a, co_window_paths_a,
          co_window_paths_a, co_window_2corner, co_window_corner_b,
          co_window_corner_b, co_window_corner_b, co_window_2corner,
          glass_columns_a, glass_columns_c, uniq_eustachio
D:6:      layout_cave_pools, nicolae_overflow_crystal_walls,
          mainiacjoe_overflow_alcove_1, elyvilon_altar_4, portal_sewer_entry_e,
          serial_bayou, serial_bayou_crossing, serial_bayou_lagoon_a,
          serial_bayou_pond_c, serial_bayou_lagoon_b, minivault_26,
          minmay_shop_grid_forest, nicolae_shop_gadgets

Skill      XL: |  1  2 |
---------------+-------+-----
Dodging        | 5 |  5.1
Fighting       | |  2.8
Short Blades   | |  3.2

Action                     || total
---------------------------++-------
  Melee: Short sword       ||    17
         Whip              ||    33
 Armour: Robe              ||    18
  Dodge: Dodged            ||    54
